 Dungeon Crawl Stone Soup version 0.23-a0-78-gc252fe1 (webtiles) character file.

1524 royokou the Cleaver (level 8, 0/64 HPs)
             Began as a Minotaur Berserker on Aug 11, 2018.
             Was a High Priest of Trog.
             Slain by a bullfrog (3 damage)
             ... on level 6 of the Dungeon on Sept 13, 2020.
             The game lasted 00:12:33 (4983 turns).

royokou the Cleaver (Minotaur Berserker)            Turns: 4983, Time: 00:12:34

Health: 0/64       AC: 11    Str: 23      XL:     8   Next: 54%
Magic:  7/7        EV:  8    Int:  5      God:    Trog [*****.]
Gold:   247        SH:  0    Dex:  9 (10) Spells: 7/7 levels left

rFire    + . .     SeeInvis .   C - +0 war axe
rCold    . . .     Gourm    .   (no shield)
rNeg     . . .     Faith    .   o - +0 chain mail
rPois    .         Spirit   .   (helmet restricted)
rElec    .         Reflect  .   (no cloak)
rCorr    .         Harm     .   y - +0 pair of gloves
MR       .....                  i - +0 pair of boots
Stlth    ..........             (no amulet)
HPRegen  0.20/turn              j - ring of protection from fire
MPRegen  0.10/turn              A - ring of attention (curse)

@: no status effects
A: retaliatory headbutt, horns 2
a: Berserk, Trog's Hand, Brothers in Arms, Renounce Religion


You were on level 6 of the Dungeon.
You worshipped Trog.
Trog was extremely pleased with you.
You were not hungry.

You visited 1 branch of the dungeon, and saw 6 of its levels.
You also visited: Sewer.

You collected 364 gold pieces.
You spent 117 gold pieces at shops.

Inventory:

Hand Weapons
 C - a +0 war axe (weapon)
Armour
 b - a +0 animal skin
 i - a +0 pair of boots (worn)
 n - a +0 ring mail
 o - a +0 chain mail (worn)
 y - a +0 pair of gloves (worn)
Jewellery
 j - a ring of protection from fire (left hand)
 A - a cursed ring of attention (right hand)
Wands
 s - a wand of disintegration (7)
 x - a wand of random effects (34)
Scrolls
 d - 2 scrolls of enchant armour {unknown}
 e - 2 scrolls of fear {unknown}
 g - 4 scrolls of teleportation {unknown}
 h - 6 scrolls of identify {unknown}
 k - 2 scrolls of fog {unknown}
 m - 3 scrolls of remove curse {unknown}
 p - 2 scrolls of blinking {unknown}
 q - 3 scrolls of magic mapping {unknown}
Potions
 f - 3 potions of flight {unknown}
 l - 5 potions of curing {unknown}
 r - a potion of heal wounds
 t - 4 potions of degeneration {unknown}
 u - a potion of mutation {unknown}
 v - 3 potions of brilliance {unknown}
 w - a potion of agility {unknown}
 z - 3 potions of lignification {unknown}
 B - a potion of berserk rage {unknown}
Comestibles
 c - 11 rations


   Skills:
 - Level 3.6 Fighting
 + Level 12.9 Axes
 - Level 2.4 Armour
 - Level 2.1 Dodging


You had 7 spell levels left.
You didn't know any spells.
Your spell library was empty.

Dungeon Overview and Level Annotations

Branches:
Dungeon (6/15)
 Temple: D:4-7

Altars:
Makhleb
Qazlal
Sif Muna

Shops:
D:4 [

Annotations:
D:4 2 transporters, Ofeo's ghost, amateur MiFi


Innate Abilities, Weirdness & Mutations

You reflexively headbutt those who attack you in melee.
You have a pair of horns on your head.


Message History

The quasit claws you.
* * * LOW HITPOINT WARNING * * *
The bullfrog hits you.
* * * LOW HITPOINT WARNING * * *
The bullfrog barely misses you. The quasit barely misses you.
You furiously retaliate!
You headbutt the quasit!
The quasit claws you but does no damage. x2
The bullfrog hits you but does no damage.
The bullfrog hits you.
* * * LOW HITPOINT WARNING * * *
The quasit bites you but does no damage.
The quasit barely misses you. The quasit claws you.
* * * LOW HITPOINT WARNING * * *
You feel clumsy.
The bullfrog gives a loud, deep croak!
The bullfrog hits you but does no damage.
The bullfrog hits you.
Incompatible bones file: /crawl-master/crawl-git/saves/bones/bones.store.D-6 Clearing bad ghost permastore: /crawl-master/crawl-git/saves/bones/bones.store.D-6 You die...

#..#...........#.##...#
#..##.#.######.#.##...#
#..##..........#.##...#
#.#............###.##...#
.......>................+
#!#..####.####.####.....# #
...... $.... #.# ##.##.#.#
#....####.##.#.#####.##.#.##
#.#... ?....#.#@F.........#
#####. ..#....5.FO.....#.##
. ...#..#.####...#.#[.. ..
.. #.# #.#.#.# ### . #.#...#
F# #.##.## #. ...... .
#.##.## #.#...


You could see an ogre, 3 bullfrogs and a quasit.

Vanquished Creatures
  Grinder (D:4)
  A centaur (D:5)
  An ogre (D:4)
  2 bullfrogs (Sewer)
  A scorpion (D:4)
  A hound (D:4)
  2 orc priests
  3 iron imps (D:4)
  Jessica (D:5)
  Terence (D:2)
  7 orc wizards
  4 worker ants
  Robin (D:2)
  6 gnolls (D:4)
  20 adders
  A shadow imp (D:5)
  7 oozes
  2 adder skeletons
  3 worms
  3 dart slugs
  6 leopard geckos
  20 orcs
  9 bats
  14 giant cockroaches
  15 goblins
  7 hobgoblins
  3 jackals (D:3)
  3 quokkas
  10 ball pythons
  15 frilled lizards
  11 kobolds
  7 rats
188 creatures vanquished.

Notes
Turn   | Place    | Note
-------+----------+-------------------------------------------
     0 | D:1      | royokou the Minotaur Berserker began the quest for the Orb.
     0 | D:1      | Reached XP level 1. HP: 19/19 MP: 0/0
    24 | D:1      | Reached skill level 4 in Axes
   114 | D:1      | Reached XP level 2. HP: 25/26 MP: 1/1
   454 | D:1      | Reached skill level 5 in Axes
   694 | D:2      | Reached XP level 3. HP: 31/31 MP: 2/2
   701 | D:2      | Reached ** piety under Trog
   992 | D:2      | Noticed Robin
  1000 | D:2      | Killed Robin
  1000 | D:2      | Reached skill level 6 in Axes
  1000 | D:2      | Reached XP level 4. HP: 39/39 MP: 3/3
  1079 | D:2      | Noticed Terence
  1097 | D:2      | Killed Terence
  1239 | D:2      | Found a stormy altar of Qazlal.
  1753 | D:3      | Reached XP level 5. HP: 37/45 MP: 4/4
  1755 | D:3      | Reached skill level 7 in Axes
  2046 | D:3      | Reached skill level 8 in Axes
  2082 | D:3      | Reached XP level 6. HP: 51/51 MP: 5/5
  2316 | D:3      | Reached *** piety under Trog
  2358 | D:3      | You fall through a shaft!
  2358 | D:4      | Found Toum's Antique Armour Boutique.
  2364 | D:4      | Reached skill level 9 in Axes
  2395 | D:4      | Bought a pair of gloves for 117 gold pieces
  2486 | D:4      | Reached XP level 7. HP: 33/57 MP: 6/6
  2685 | D:4      | Found a transporter.
  2700 | D:4      | Found a transporter.
  2701 | D:4      | Noticed Ofeo's ghost (amateur MiFi)
  2786 | D:4      | Reached skill level 10 in Axes
  2808 | D:4      | Found a glowing drain.
  2818 | Sewer    | Entered a sewer
  2881 | Sewer    | Reached **** piety under Trog
  3052 | Sewer    | Reached skill level 11 in Axes
  3097 | D:4      | Noticed Grinder
  3107 | D:4      | Killed Grinder
  3107 | D:4      | Reached XP level 8. HP: 64/64 MP: 7/7
  3265 | D:4      | Reached ***** piety under Trog
  3371 | D:4      | Found a burning altar of Makhleb.
  3399 | D:4      | Reached skill level 12 in Axes
  3986 | D:5      | Entered Level 5 of the Dungeon
  4789 | D:5      | Noticed Jessica
  4795 | D:5      | Killed Jessica
  4802 | D:5      | Found a deep blue altar of Sif Muna.
  4982 | D:6      | HP: 3/64 [quasit (2)]
  4983 | D:6      | Slain by a bullfrog

Vault maps used:
D:1:      kennysheep_arrival_forest
D:2:      grunt_qazlal_sundering, uniq_robin, uniq_terence
D:3:      first_ration
D:4:      demons_altar, gammafunk_ghost_mausoleum, serial_shops, shop,
          cheibrodos_sewer_entry_sluice, minmay_misc_feat_rows, uniq_grinder
D:5:      tgw_sif
D:6:      uniq_menkaure, uniq_prince_ribbit1
Sewer:    sewer_frog_island_02

Skill      XL: |  1  2  3  4  5  6  7  8 |
---------------+-------------------------+-----
Axes           | 4 5 6 8 9 11 12 | 12.9
Fighting       | |  3.6
Armour         | |  2.4
Dodging        | |  2.1

Action                   |  1- 3 |  4- 6 |  7- 9 || total
-------------------------+-------+-------+-------++-------
Melee: Hand axe          |    84 |   160 |   240 ||   484
       Headbutt          |    13 |    31 |    38 ||    82
       War axe           |       |       |     9 ||     9
Invok: Berserk           |     1 |     3 |     2 ||     6
  Eat: Chunk             |       |     9 |    10 ||    19
Armor: Animal skin       |    10 |       |       ||    10
       Ring mail         |     8 |       |       ||     8
       Chain mail        |    10 |    64 |   151 ||   225
Dodge: Dodged            |    51 |    43 |    99 ||   193

Table legend:
 A = Non-vault XP
 B = Vault XP
 C = Vault XP percentage of total XP
 D = Non-vault monster count
 E = Vault monster count
 F = Vault count percentage of total count
 G = Total turns spent on level
                 A         B        C        D         E       F
            +---------+---------+-------+---------+---------+-------
      Total |    1264 |     914 |  42.0 |     118 |      70 |  37.2
            +---------+---------+-------+---------+---------+-------
        D:1 |      36 |       0 |   0.0 |      22 |       0 |   0.0
        D:2 |      76 |      69 |  47.6 |      15 |      11 |  42.3
        D:3 |     293 |       0 |   0.0 |      40 |       0 |   0.0
        D:4 |     454 |     414 |  47.7 |      25 |       8 |  24.2
        D:5 |     398 |      37 |   8.5 |      15 |       1 |   6.2
        D:6 |       7 |       0 |   0.0 |       1 |       0 |   0.0
      Sewer |       0 |     394 | 100.0 |       0 |      50 | 100.0
            +---------+---------+-------+---------+---------+-------
